 Dungeon Crawl Stone Soup version 0.31-a0-246-g8cbcc1cb85 (webtiles) character file.

Game seed: 1054957035460290441

422 qw the Shooter (level 6, -1/53 HPs)
             Began as a Minotaur Hexslinger on July 12, 2023.
             Slain by an orc
             ... wielding a +0 hand axe
              (3 damage)
             ... on level 4 of the Dungeon.
             The game lasted 00:01:31 (3576 turns).

qw the Shooter (Minotaur Hexslinger)                Turns: 3576, Time: 00:01:31

Health: -1/53      AC:  5    Str: 12    XL:     6   Next: 63%
Magic:  6/6        EV: 11    Int: 10    God:
Gold:   152        SH:  0    Dex: 15    Spells: 6/7 levels left

rFire   . . .        Y - +2 sling (flame)
rCold   . . .        (no shield)
rNeg    . . .        j - +0 ring mail
rPois   .            (helmet restricted)
rElec   .            (no cloak)
rCorr   .            (no gloves)
SInv    .            (no boots)
Will    .....        (no amulet)
Stlth   +            (no ring)
HPRegen 0.28/turn    (no ring)
MPRegen 0.10/turn

%: no passive effects
@: about to teleport
A: horns 2, retaliatory headbutt
a: no special abilities


You were on level 4 of the Dungeon.
You visited 1 branch of the dungeon, and saw 5 of its levels.

You collected 152 gold pieces.


Innate Abilities, Weirdness & Mutations

You have a pair of horns on your head.
You reflexively headbutt those who attack you in melee.


   Skills:
 - Level 4.4 Fighting
 + Level 6.5 Ranged Weapons
 - Level 1.5 Armour
 - Level 2.1 Dodging
 - Level 1.0 Spellcasting
 - Level 2.0 Hexes


You had 6 spell levels left.
You knew the following spells:

 Your Spells              Type           Power      Damage    Failure   Level
a - Slow                  Hex            16%        N/A       32%         1

Your spell library contained the following spells:

 Spells                   Type           Power      Damage    Failure   Level
 Inner Flame              Hex/Fire       2%         N/A       83%         3
 Portal Projectile        Hex/Tloc       4%         N/A       83%         3
 Cause Fear               Hex            2%         N/A       97%         4

Inventory:

Hand Weapons
 Y - a +2 sling of flaming (weapon)
Armour
 j - a +0 ring mail (worn)
Scrolls
 a - a scroll of identify
 i - a scroll of teleportation
Potions
 e - 2 potions of curing
 f - a potion of lignification {unknown}
 g - a potion of haste
 h - a potion of enlightenment
 k - a potion of berserk rage {unknown}

Dungeon Overview and Level Annotations

Branches:
Dungeon (5/15)
 Temple: D:4-7

Altars:
Ru
Uskayaw
Zin

Shops:
D:1 :

Annotations:
D:5 Blork the orc


Message History

Blork the orc hits you from afar with a +0 glaive!
The orc priest calls down the wrath of Beogh upon you.
Beogh smites you! Blork the orc misses you.
3504 ||| STAIRDANCE Blork the orc mumbles some strange words.
Blork the orc seems to speed up.
You climb upwards.
There is a stone staircase leading down here.
You start resting.
HP restored.
Done exploring.
(D) Dungeon
Where to? (* - list waypoints, Enter - D:5, ? - help)
What level of the Dungeon? (default 1, ? - help)
You climb downwards.
Level annotation: Blork the orc The orc hits you with a +0 flail!
The orc hits you but does no damage. x2
The orc priest mumbles some strange prayers to Beogh against you.
Beogh smites you!
Blork the orc casts a cantrip, but nothing happens.
The orc priest mumbles some strange prayers to Beogh against you.
Beogh smites you! The orc hits you but does no damage.
The orc barely misses you. The orc closely misses you.
There is a stone staircase leading up, spattered with blood here.
3572 ||| STAIRDANCE The orc hits you with a +0 flail.
The orc hits you but does no damage. The orc hits you with a +0 falchion.
You climb upwards.
There is a stone staircase leading down here.
You shoot a sling bullet. The sling bullet barely misses the orc.
The orc closely misses you. The orc hits you with a +0 hand axe.
The orc closely misses you.
3575 ||| READING 2 scrolls of teleportation.
As you read the scroll of teleportation, it crumbles to dust.
You feel strangely unstable. The orc hits you but does no damage.
The orc hits you with a +0 hand axe. The orc hits you with a +0 flail!
You shoot a sling bullet. The sling bullet barely misses the orc.
The orc hits you with a +0 falchion. The orc hits you with a +0 hand axe.
You die...

..........#.........#.#...#.#.#
....................#.#...#.#?#
...........##............<#.#.#
<).........##.......#.#)###.#.#
...........#..........#.....#.#
.####......#........#.#######.#
..............................#
.........##.....o...#.#########
...............o@[....#
...........#....o....##
...........#.........#
.....8..#...#........#
.......###...........#
..#.8..#.#...........#
..#....'_#...........#
..#.8..#.#..#[.......#
.......###..#........#


You could see 3 orcs.

Vanquished Creatures
  A scorpion (D:4)
  A jelly (D:4)
  2 hounds (D:4)
  3 iguanas (D:4)
  An orc wizard (D:3)
  A sleepcap (D:4)
  A mummy (D:4)
  4 adders (D:3)
  3 worms
  A dart slug (D:1)
  6 orcs
  3 bats
  5 endoplasms
  4 giant cockroaches
  11 goblins
  14 hobgoblins
  4 jackals
  A quokka (D:1)
  10 ball pythons
  A frilled lizard (D:2)
  7 kobolds
  2 kobold zombies (D:4)
  2 orc zombies (D:4)
  4 rats
92 creatures vanquished.

Notes
Turn   | Place    | Note
-------+----------+-------------------------------------------
     0 | D:1      | qw the Minotaur Hexslinger began the quest for the Orb.
     0 | D:1      | Reached XP level 1. HP: 16/16 MP: 1/1
     0 | D:1      | 0 ||| qw: Version: 0.3-a-52-g30416fa
     0 | D:1      | 0 ||| qw: Game counter: 6469
     0 | D:1      | 0 ||| qw: Melee chars always use a shield: true
     0 | D:1      | 0 ||| qw: God list: Okawaru
     0 | D:1      | 0 ||| qw: Allow faded altars: false
     0 | D:1      | 0 ||| qw: Do Orc after clearing Dungeon:15 true
     0 | D:1      | 0 ||| qw: Do second Lair branch before Depths: true
     0 | D:1      | 0 ||| qw: Lair rune preference: random
     0 | D:1      | 0 ||| qw: Goals: Normal
     0 | D:1      | 0 ||| PLANNING D:1-11
    46 | D:1      | Found Laugucomm's Book Shoppe.
   289 | D:1      | Reached skill level 3 in Ranged Weapons
   289 | D:1      | Reached XP level 2. HP: 19/23 MP: 2/2
   509 | D:1      | 509 ||| FLEEEEING.
   511 | D:1      | 511 ||| FLEEEEING.
   512 | D:1      | 512 ||| FLEEEEING.
   513 | D:1      | 513 ||| FLEEEEING.
   640 | D:1      | Reached XP level 3. HP: 27/29 MP: 3/3
   848 | D:1      | 848 ||| UPGRADING to +0 leather armour.
   858 | D:1      | 858 ||| DROPPING +0 robe.
   859 | D:1      | 859 ||| DROPPING ring of flight.
   860 | D:1      | 860 ||| READING 2 scrolls labelled VIGHIE DOEMINEXO.
   861 | D:1      | 861 ||| READING 2 scrolls labelled FOAHIW IRAKOBU.
   864 | D:1      | 864 ||| READING scroll labelled CARPHE GOSUU.
   865 | D:1      | 865 ||| DRINKING 3 black potions.
   866 | D:1      | 866 ||| DROPPING scroll of poison.
   992 | D:2      | Reached skill level 4 in Ranged Weapons
  1305 | D:2      | 1305 ||| READING scroll labelled GOXKA CA GUL.
  1306 | D:2      | 1306 ||| READING scroll labelled BAEDOEN GIDURE.
  1407 | D:2      | 1407 ||| READING scroll labelled NOZ JUHUERU.
  1408 | D:2      | 1408 ||| READING scroll labelled KOUTU WUCWO.
  1409 | D:2      | 1409 ||| DRINKING 2 orange potions.
  1410 | D:2      | 1410 ||| DRINKING 2 murky grey potions.
  1435 | D:3      | Found a hide-covered altar of Uskayaw.
  1566 | D:3      | Reached XP level 4. HP: 36/36 MP: 4/4
  1849 | D:3      | Found a sacrificial altar of Ru.
  2010 | D:3      | Reached skill level 5 in Ranged Weapons
  2074 | D:3      | Reached XP level 5. HP: 40/42 MP: 5/5
  2230 | D:3      | 2230 ||| READING scroll labelled CIROEC HA BOTS.
  2231 | D:3      | 2231 ||| READING scroll labelled VENEYWUXEL.
  2232 | D:3      | 2232 ||| READING scroll labelled ALUPRA PALLAIROU.
  2233 | D:3      | 2233 ||| READING scroll labelled IRCHAO BANEUS.
  2234 | D:3      | 2234 ||| DRINKING 2 purple potions.
  2235 | D:3      | 2235 ||| READING 2 scrolls of identify.
  2235 | D:3      | 2235 ||| IDENTIFYING lumpy inky potion
  2236 | D:3      | 2236 ||| DROPPING potion of invisibility.
  2260 | D:4      | Reached skill level 3 in Fighting
  2421 | D:4      | Found a glowing silver altar of Zin.
  2570 | D:4      | HP: 7/45 [iguana (11)]
  2571 | D:4      | Reached skill level 6 in Ranged Weapons
  2571 | D:4      | 2571 ||| READING 3 scrolls of teleportation.
  2572 | D:4      | 2572 ||| DRINKING potion of heal wounds.
  2691 | D:4      | Reached XP level 6. HP: 49/53 MP: 6/6
  3007 | D:4      | 3007 ||| UPGRADING to +0 ring mail.
  3017 | D:4      | 3017 ||| DROPPING +0 leather armour.
  3018 | D:4      | 3018 ||| READING scroll labelled EDAGANG IJUNU.
  3019 | D:4      | 3019 ||| READING 2 scrolls of identify.
  3019 | D:4      | 3019 ||| IDENTIFYING inky potion
  3020 | D:4      | 3020 ||| DROPPING potion of ambrosia.
  3036 | D:5      | Entered Level 5 of the Dungeon
  3036 | D:5      | Noticed Blork the orc
  3043 | D:5      | 3043 ||| STAIRDANCE
  3150 | D:5      | 3150 ||| STAIRDANCE
  3156 | D:4      | Reached skill level 1 in Armour
  3237 | D:5      | 3237 ||| STAIRDANCE
  3309 | D:5      | 3309 ||| STAIRDANCE
  3387 | D:5      | 3387 ||| STAIRDANCE
  3504 | D:5      | 3504 ||| STAIRDANCE
  3572 | D:5      | 3572 ||| STAIRDANCE
  3574 | D:4      | HP: 13/53 [orc/+0 hand axe (4)]
  3575 | D:4      | 3575 ||| READING 2 scrolls of teleportation.
  3575 | D:4      | HP: 5/53 [orc/+0 flail (7)]
  3576 | D:4      | HP: 2/53 [orc/+0 falchion (3)]
  3576 | D:4      | Slain by an orc

Levels and vault maps discovered:
D:1:      minmay_arrival_plants_in_alcoves, layout_basic, serial_shops,
          nicolae_shop_trees
D:2:      layout_rooms
D:3:      minmay_diamond_boxcup, layout_loops_cross,
          mainiacjoe_overflow_concentric_impassable, marbit_many_paths,
          minmay_splitting_lines
D:4:      layout_basic, zin_statuary, minmay_mini_ossuary
D:5:      layout_cave_pools, uniq_grinder, uniq_blork_the_orc,
          uniq_crazy_yiuf_cottage

Skill      XL: |  1  2  3  4  5  6 |
---------------+-------------------+-----
Ranged Weapons | 3 4 5 6 |  6.5
Fighting       | 2 4 |  4.4
Armour         | 1 |  1.5
Dodging        | |  2.1
Spellcasting   | |  1.0
Hexes          | |  2.0

Action                     |  1- 3 |  4- 6 || total
---------------------------+-------+-------++-------
   Fire: Sling             |   145 |   156 ||   301
    Use: Scroll            |     7 |     9 ||    16
         Potion            |     3 |     2 ||     5
 Armour: Robe              |     9 |       ||     9
         Leather armour    |     3 |     8 ||    11
         Ring mail         |       |    17 ||    17
  Dodge: Dodged            |    29 |    39 ||    68

Table legend:
 A = Non-vault XP
 B = Vault XP
 C = Vault XP percentage of total XP
 D = Non-vault monster count
 E = Vault monster count
 F = Vault count percentage of total count
                 A         B        C        D         E       F
            +---------+---------+-------+---------+---------+-------
      Total |     494 |     109 |  18.1 |      77 |      15 |  16.3
            +---------+---------+-------+---------+---------+-------
        D:1 |      46 |       0 |   0.0 |      24 |       0 |   0.0
        D:2 |      37 |       0 |   0.0 |      17 |       0 |   0.0
        D:3 |      38 |      87 |  69.6 |      14 |      10 |  41.7
        D:4 |     370 |      22 |   5.6 |      21 |       5 |  19.2
        D:5 |       3 |       0 |   0.0 |       1 |       0 |   0.0
            +---------+---------+-------+---------+---------+-------
